 Dungeon Crawl Stone Soup version 0.19-a0-1201-gda63bca (webtiles) character file.

280 Leszczynek the Cudgeler (level 6, 0/57 HPs)
             Began as an Ogre Earth Elementalist on Aug 20, 2016.
             Shot with an arrow by a centaur (7 damage)
             ... on level 6 of the Dungeon.
             The game lasted 00:13:29 (2674 turns).

Leszczynek the Cudgeler (Ogre Earth Elementalist)   Turns: 2674, Time: 00:13:29

Health: 0/57       AC:  3    Str: 16    XL:     6   Next: 27%
Magic:  9/9        EV: 10    Int: 14    God:
Gold:   214        SH:  0    Dex: 10    Spells: 1 memorised, 8 levels left

rFire  . . .     SeeInvis .     a - +0 mace
rCold  + . .     Gourm    .     l - +0 robe
rNeg   . . .     Faith    .     (no shield)
rPois  .         Spirit   .     (helmet restricted)
rElec  .         Dismiss  .     (no cloak)
rCorr  .         Reflect  .     (gloves unavailable)
MR     +....     Harm     .     (boots unavailable)
Stlth  +.........               (no amulet)
                                b - ring of protection from cold
                                k - ring of protection from magic

@: no status effects
A: unfitting armour, tough skin 1
a: no special abilities


You were on level 6 of the Dungeon.
You were not hungry.

You visited 1 branch of the dungeon, and saw 6 of its levels.

You collected 214 gold pieces.

Inventory:

Hand Weapons
 a - a +0 mace (weapon)
 c - a +0 hunting sling
Missiles
 n - 53 sling bullets
 p - a throwing net (quivered)
 z - 5 tomahawks
Armour
 l - a +0 robe (worn)
Jewellery
 b - a ring of protection from cold (right hand)
 k - a ring of protection from magic (left hand)
 t - an uncursed ring of see invisible
Wands
 r - a wand of lightning (6/15)
Scrolls
 f - 2 scrolls of remove curse
 i - a scroll of enchant armour {unknown}
 m - 3 scrolls of enchant weapon
 o - a scroll of fear {unknown}
 s - a scroll of teleportation
 v - a scroll of noise {unknown}
 w - a scroll of magic mapping {unknown}
 x - a scroll of identify
 A - 2 scrolls of blinking {unknown}
 C - a scroll of recharging {unknown}
Potions
 g - a potion of curing
 j - 2 potions of might
 q - a potion of ambrosia {unknown}
 u - a potion of cure mutation {unknown}
 B - a potion of invisibility {unknown}
Books
 e - a book of Geomancy

   Spells                             Type                      Level
   a - Sandblast                      Earth                        1
   b - Passwall                       Transmutation/Earth          2
   c - Stone Arrow                    Conjuration/Earth            3
   d - Petrify                        Transmutation/Earth          4
   e - Lee's Rapid Deconstruction     Earth                        5
 y - a book of Callings

   Spells                             Type                      Level
   a - Summon Small Mammal            Summoning                    1
   b - Call Imp                       Summoning                    2
   c - Call Canine Familiar           Summoning                    3
   d - Summon Guardian Golem          Hexes/Summoning              3
   e - Summon Lightning Spire         Summoning/Air                4
   f - Summon Ice Beast               Ice/Summoning                4
Comestibles
 d - 3 bread rations
 h - 2 meat rations


   Skills:
 - Level 2.1 Fighting
 + Level 7.4 Maces & Flails
 - Level 1.7 Dodging
 - Level 1.5 Stealth
 - Level 2.4 Spellcasting
   Level 0.6 Transmutations
 - Level 2.1 Earth Magic


You had 8 spell levels left.
You knew the following spells:

 Your Spells              Type           Power        Failure   Level  Hunger
a - Sandblast             Erth           #.....       12%         1    #......


Dungeon Overview and Level Annotations

Branches:
Dungeon (6/15)
 Temple: D:4-7

Altars:
Trog
Uskayaw
Vehumet

Annotations:
D:5 Leszczynek's ghost, amateur OgEE


Innate Abilities, Weirdness & Mutations

You are too large for most types of armour.
You have tough skin. (AC +1)


Message History

Evoke which item? (* to show all) (? for menu, Esc to quit)
Zapping:
r - a wand of lightning (7/15)
Press: ? - help, Shift-Dir - straight line You hear a mighty clap of thunder!
The bolt of lightning misses the giant frog.
The bolt of lightning hits the giant frog.
You kill the giant frog!
Your Maces & Flails skill increases to level 7!
You have reached level 6!
Your experience leads to an increase in your attributes!
Increase (S)trength, (I)ntelligence, or (D)exterity?
You feel stronger. x2
This wand has 6 charges left.
You hear a shout!
Found a lead wand.
You see here a falchion.
C - a scroll labeled CUUSHR YTHUU A centaur comes into view.
The centaur wields a shortbow.
The centaur shoots an arrow.
The arrow hits you!
You die...

#.# #.# #.# #.# ..#
. #.# ...#######.#
.........#@#####.#.
....##...#.../.c..#
#......)..#####.##
#.......).#
##........#
.........#.#
...........#
###.######... #.
#.###


You could see a centaur.

Vanquished Creatures
  A giant frog (D:6)
  An orc priest (D:5)
  2 worker ants
  A hound zombie (D:5)
  A hound skeleton (D:4)
  3 gnolls (D:4)
  3 adders
  An ooze (D:3)
  A dart slug (D:2)
  2 giant geckos
  5 orcs
  A giant cockroach (D:3)
  3 goblins
  7 hobgoblins
  3 jackals (D:3)
  3 kobolds
  A quokka (D:2)
  4 bats
  A giant gecko skeleton (D:5)
  2 giant newts
  7 rats
53 creatures vanquished.

Notes
Turn   | Place    | Note
-------+----------+-------------------------------------------
     0 | D:1      | Leszczynek the Ogre Earth Elementalist began the quest for the Orb.
     0 | D:1      | Reached XP level 1. HP: 16/16 MP: 3/3
    49 | D:1      | Reached skill level 1 in Fighting
   234 | D:1      | Reached skill level 2 in Fighting
   234 | D:1      | Reached XP level 2. HP: 23/28 MP: 3/5
   309 | D:1      | Reached skill level 1 in Maces & Flails
   326 | D:2      | Found a hide-covered altar of Uskayaw.
   326 | D:2      | Noticed a dagger
   326 | D:2      | Noticed a hand axe
   391 | D:2      | Found a radiant altar of Vehumet.
   501 | D:2      | Reached skill level 2 in Maces & Flails
   581 | D:1      | Reached XP level 3. HP: 32/35 MP: 2/6
   716 | D:3      | Reached skill level 3 in Maces & Flails
   726 | D:3      | Found a bloodstained altar of Trog.
  1253 | D:4      | Reached skill level 4 in Maces & Flails
  1253 | D:4      | Reached XP level 4. HP: 30/42 MP: 7/7
  1289 | D:4      | Noticed a phantom
  1322 | D:5      | Entered Level 5 of the Dungeon
  1368 | D:5      | Noticed Leszczynek's ghost (amateur OgEE)
  1722 | D:4      | Reached skill level 5 in Maces & Flails
  1726 | D:4      | Reached XP level 5. HP: 11/49 MP: 8/8
  1928 | D:4      | Noticed a phantom
  2423 | D:5      | Reached skill level 6 in Maces & Flails
  2666 | D:6      | Reached skill level 7 in Maces & Flails
  2666 | D:6      | Reached XP level 6. HP: 6/57 MP: 9/9
  2674 | D:6      | Shot with an arrow by a centaur

Vault maps used:
D:1:      scummos_arrival_simple_fountains
D:2:      dancing_weapons_uskayaw, fiery_altar_vehumet, minmay_misc_feat_alley
D:3:      nicolae_overflow_hidden_temple
D:4:      minivault_23
D:5:      serial_shops, shop, first_bread
D:6:      slow_altar_1, roderic_three_in_a_row, kennysheep_minor_cross,
          minmay_misc_feat_tiny

Skill      XL: |  1  2  3  4  5 |
---------------+----------------+-----
Fighting       | 2 |  2.1
Maces & Flails | 2 4 5 7 |  7.4
Dodging        | |  1.7
Stealth        | |  1.5
Spellcasting   | |  2.4
Transmutations | |  0.6
Earth Magic    | |  2.1

Action                   |  1- 3 |  4- 6 || total
-------------------------+-------+-------++-------
Melee: Dagger            |     7 |       ||     7
       Short sword       |    63 |       ||    63
       Unarmed           |     3 |       ||     3
       Whip              |    35 |    26 ||    61
       Mace              |       |    63 ||    63
 Fire: Hunting sling     |       |     6 ||     6
Throw: Throwing net      |       |     1 ||     1
 Cast: Sandblast         |    43 |     9 ||    52
Evoke: Wand              |       |     2 ||     2
  Use: Potion            |     1 |     3 ||     4
       Scroll            |       |     5 ||     5
 Stab: Sleeping          |       |     1 ||     1
  Eat: Chunk             |     2 |     3 ||     5
       Royal jelly       |       |     1 ||     1
       Beef jerky        |       |     1 ||     1
Armor: Robe              |    45 |    29 ||    74
       Skin              |     3 |     4 ||     7
Dodge: Dodged            |    78 |    47 ||   125
